 Dungeon Sprint DCSS version 0.21.1-1-g345015f (webtiles) character file.

5108 wilfster70 the Severer (level 10, 0/101 HPs)
             Began as a Hill Orc Fighter on Feb 27, 2018.
             Was a High Priest of Okawaru.
             Killed by nerve-wracking pain
             ... invoked by an orc priest
              (6 damage)
             ... in the Dungeon (Sprint IX: "|||||||||||||||||||||||||||||").
             The game lasted 00:05:38 (2074 turns).

wilfster70 the Severer (Hill Orc Fighter)           Turns: 2074, Time: 00:05:39

Health: 0/101      AC: 18    Str: 20    XL:     10   Next: 57%
Magic:  10/10      EV:  8    Int: 11    God:    Okawaru [*****.]
Gold:   40         SH: 13    Dex: 16    Spells: 9/9 levels left

rFire    . . .     SeeInvis .   a - +5 broad axe (chop)
rCold    . . .     Gourm    .   c - +0 shield
rNeg     . . .     Faith    .   s - +1 chain mail
rPois    .         Spirit   .   b - +0 helmet
rElec    .         Reflect  .   A - +0 cloak
rCorr    .         Harm     .   p - +0 pair of gloves
MR       .....     NoTele   +   (no boots)
Stlth    ..........             (no amulet)
HPRegen  0.26/turn              q - +3 ring of intelligence
MPRegen  0.12/turn              r - +3 ring of dexterity

@: no status effects
A: no striking features
a: Heroism, Finesse, Renounce Religion, Convert to Beogh


You were in the Dungeon.
You worshipped Okawaru.
Okawaru was extremely pleased with you.
You were not hungry.

You visited 1 branch You collected 40 gold pieces.

Inventory:

Hand Weapons
 a - a +5 broad axe of chopping (weapon)
Armour
 b - a +0 helmet (worn)
 c - a +0 shield (worn)
 p - a +0 pair of gloves (worn)
 s - a +1 chain mail (worn)
 A - a +0 cloak (worn)
Jewellery
 q - a +3 ring of intelligence (left hand)
 r - a +3 ring of dexterity (right hand)
Wands
 o - a wand of acid (10)
 y - a wand of paralysis (8)
Scrolls
 k - 3 scrolls of blinking
 m - 3 scrolls of remove curse
 n - 2 scrolls of amnesia
 t - a scroll of fear
 x - a scroll of fog
Potions
 d - a potion of might
 e - 6 potions of curing
 g - 3 potions of heal wounds
 h - 2 potions of haste
 i - 4 potions of magic
 j - 2 potions of berserk rage
 l - a potion of invisibility
 u - a potion of resistance
 v - a potion of agility
 z - a potion of ambrosia {unknown}
Comestibles
 f - 11 rations


   Skills:
 + Level 13.6 Fighting
 - Level 18.1 Axes
 + Level 12.6 Armour
 + Level 0.9 Dodging
 + Level 12.6 Shields


You had 9 spell levels left.
You didn't know any spells.

Dungeon Overview and Level Annotations

Branches:
Dungeon (1/1)

Altars:
Cheibriados
Dithmenos
Elyvilon
Fedhas
Gozag
Hepliaklqana
Kikubaaqudgha
Makhleb
Nemelex Xobeh
Okawaru
Qazlal
Ru
Sif Muna
Trog
Uskayaw
Vehumet
Wu Jian
Xom
Yredelemnul
Zin
The Shining One
Beogh
Jiyva
Lugonu


Message History

* * * LOW HITPOINT WARNING * * *
An orc priest comes into view. It is wielding an enchanted flail.
The orc priest calls down the wrath of Beogh upon you.
Beogh smites you!
* * * LOW HITPOINT WARNING * * *
Items here: $ ( ) [ † a short sword; 6 tomahawks; a chain mail; 100 gold pieces; an orc corpse You slash the orc!
You kill the orc!
Okawaru accepts your kill.
The orc priest invokes the aid of Beogh against you.
Beogh smites you!
* * * LOW HITPOINT WARNING * * *
The orc priest threatens, "By the altar or by the axe, you will meet Beogh!"
You slice the orc priest!!
You kill the orc priest!
Okawaru accepts your kill.
The orc priest calls down the wrath of Beogh upon you.
Pain shoots through your body!
You die...

▓_▓.▓.▓.▓
▓_▓.▓.▓.▓o▓
▓_▓.▓.▓.▓o▓
▓_▓.▓÷▓)▓o▓
▓_▓.▓.▓.▓o▓
▓_▓.▓.▓.▓o▓
▓_▓.▓.▓.▓$▓
▓_▓.▓.▓.▓)▓
▓'▓.▓.▓.▓@▓
▓.▓.▓)▓.▓)▓
▓.▓.▓)▓.▓[▓
▓.▓.▓.▓.▓)▓
▓)▓.▓.▓.▓.▓
▓)▓.▓.▓.▓.▓
▓(▓.▓!▓.▓.▓
▓(▓.▓.▓.▓.▓
▓.▓.▓.▓.▓.▓


You could see 2 orc priests, an orc wizard and 2 orcs.

Vanquished Creatures
  A black mamba (D)
  Maurice (D)
  A spiny frog (D)
  2 komodo dragons (D)
  4 polar bears (D)
  A troll (D)
  A wyvern (D)
  4 yaks (D)
  2 water moccasins (D)
  A porcupine (D)
  4 black bears (D)
  2 orc warriors (D)
  2 centaurs (D)
  3 crocodiles (D)
  4 bullfrogs (D)
  A gnoll sergeant (D)
  2 jellies (D)
  2 orc priests (D)
  2 orc wizards (D)
  2 iguanas (D)
  A worker ant (D)
  2 adder skeletons (D)
  4 orcs (D)
  A giant cockroach (D)
  2 hobgoblins (D)
  2 frilled lizards (D)
  A giant cockroach zombie (D)
  A rat (D)
56 creatures vanquished.

Notes
Turn   | Place    | Note
-------+----------+-------------------------------------------
     0 | D        | wilfster70 the Hill Orc Fighter began the quest for the Orb.
     0 | D        | Reached XP level 1. HP: 19/19 MP: 1/1
     7 | D        | Reached skill level 3 in Axes
    95 | D        | Noticed a centaur
    95 | D        | Noticed an iguana
    95 | D        | Noticed a centaur
   105 | D        | Killed a centaur
   105 | D        | Reached skill level 6 in Axes
   105 | D        | Reached skill level 5 in Armour
   105 | D        | Reached skill level 5 in Shields
   105 | D        | Reached XP level 2. HP: 25/30 MP: 2/2
   105 | D        | Reached XP level 3. HP: 31/37 MP: 3/3
   105 | D        | Reached XP level 4. HP: 37/44 MP: 4/4
   119 | D        | Killed a centaur
   119 | D        | Reached skill level 7 in Axes
   119 | D        | Reached XP level 5. HP: 20/52 MP: 5/5
   326 | D        | Found a roughly hewn altar of Beogh.
   326 | D        | Found a snail-covered altar of Cheibriados.
   326 | D        | Found a shadowy altar of Dithmenos.
   326 | D        | Found a white marble altar of Elyvilon.
   326 | D        | Found a blossoming altar of Fedhas.
   326 | D        | Found an opulent altar of Gozag.
   327 | D        | Found a hazy altar of Hepliaklqana.
   328 | D        | Found a viscous altar of Jiyva.
   329 | D        | Found an ancient bone altar of Kikubaaqudgha.
   330 | D        | Found a corrupted altar of Lugonu.
   331 | D        | Found a burning altar of Makhleb.
   332 | D        | Found a sparkling altar of Nemelex Xobeh.
   333 | D        | Found an iron altar of Okawaru.
   334 | D        | Found a stormy altar of Qazlal.
   335 | D        | Found a sacrificial altar of Ru.
   336 | D        | Found a deep blue altar of Sif Muna.
   337 | D        | Found a bloodstained altar of Trog.
   338 | D        | Found a hide-covered altar of Uskayaw.
   339 | D        | Found a radiant altar of Vehumet.
   340 | D        | Found an ornate altar of the Wu Jian Council.
   341 | D        | Found a shimmering altar of Xom.
   342 | D        | Found a basalt altar of Yredelemnul.
   343 | D        | Found a glowing silver altar of Zin.
   344 | D        | Found a glowing golden altar of the Shining One.
   353 | D        | Became a worshipper of Warmaster Okawaru
   422 | D        | Noticed an orc warrior
   422 | D        | Noticed a troll
   423 | D        | Reached skill level 8 in Axes
   430 | D        | Reached skill level 9 in Axes
   430 | D        | Reached XP level 6. HP: 55/61 MP: 6/6
   444 | D        | Killed a troll
   444 | D        | Reached * piety under Okawaru
   444 | D        | Reached skill level 11 in Axes
   444 | D        | Reached XP level 7. HP: 13/70 MP: 7/7
   831 | D        | Noticed a yak
   841 | D        | Killed a yak
   841 | D        | Reached skill level 10 in Fighting
   841 | D        | Reached skill level 12 in Axes
  1111 | D        | Noticed a black mamba
  1113 | D        | Reached ** piety under Okawaru
  1113 | D        | Reached XP level 8. HP: 79/79 MP: 8/8
  1115 | D        | Reached skill level 13 in Axes
  1116 | D        | Noticed a yak
  1117 | D        | Noticed a komodo dragon
  1124 | D        | Killed a black mamba
  1124 | D        | Reached skill level 10 in Armour
  1124 | D        | Reached skill level 10 in Shields
  1128 | D        | Reached skill level 14 in Axes
  1144 | D        | Killed a yak
  1144 | D        | Reached *** piety under Okawaru
  1144 | D        | Reached XP level 9. HP: 47/89 MP: 9/9
  1148 | D        | Killed a komodo dragon
  1148 | D        | Reached skill level 15 in Axes
  1363 | D        | Noticed a spiny frog
  1363 | D        | Noticed a komodo dragon
  1370 | D        | Killed a komodo dragon
  1373 | D        | Killed a spiny frog
  1373 | D        | Reached skill level 16 in Axes
  1378 | D        | Reached **** piety under Okawaru
  1402 | D        | Reached XP level 10. HP: 51/100 MP: 10/10
  1632 | D        | Reached skill level 17 in Axes
  1789 | D        | Noticed Maurice
  1796 | D        | Paralysed by Maurice for 7 turns
  1809 | D        | Killed Maurice
  1809 | D        | Reached ***** piety under Okawaru
  1809 | D        | Reached skill level 18 in Axes
  2074 | D        | Killed from afar by an orc priest

Skill      XL: |  1  2  3  4  5  6  7  8  9 10 |
---------------+-------------------------------+-----
Axes           | 6 7 9 11 12 14 16 18 | 18.1
Fighting       | 6 7 8 9 10 11 12 13 | 13.6
Armour         | 5 6 7 8 9 10 11 12 | 12.6
Shields        | 5 6 7 8 9 10 11 12 | 12.6
Dodging        | |  0.9

Action                   |  1- 3 |  4- 6 |  7- 9 | 10-12 || total
-------------------------+-------+-------+-------+-------++-------
Melee: War axe           |    34 |    21 |       |       ||    55
       Broad axe         |       |    21 |   101 |    64 ||   186
Invok: Heroism           |       |       |       |     1 ||     1
  Use: Scroll            |       |       |     4 |       ||     4
  Eat: Chunk             |       |       |     2 |     2 ||     4
Armor: Scale mail        |    18 |     4 |       |       ||    22
       Chain mail        |       |    11 |    24 |    25 ||    60
Dodge: Dodged            |    10 |    14 |     8 |    17 ||    49
Block: Shield            |    12 |    29 |    37 |    24 ||   102
